 Dungeon Crawl Stone Soup version 0.25-a0-460-g4f2eb97ec1 (webtiles) character file.

Game seed: 15752384360319667098, levelgen mode: deterministic

2044 ReteAZ the Covert (level 9, -1/69 HPs)
             Began as a Gnoll Wanderer on Feb 3, 2020.
             Was a Believer of Cheibriados.
             Killed by divine providence
             ... invoked by an orc priest
              (12 damage)
             ... on level 7 of the Dungeon.
             The game lasted 00:08:05 (7894 turns).

ReteAZ the Covert (Gnoll Wanderer)                  Turns: 7894, Time: 00:08:06

Health: -1/69      AC: 11    Str: 21    XL:     9   Next: 24%
Magic:  15/15      EV: 13    Int: 20    God:    Cheibriados [**....]
Gold:   686        SH:  0    Dex: 18    Spells: 16/16 levels left

rFire    . . .     SeeInvis .   l - +2 whip (elec)
rCold    . . .     Gourm    .   (no shield)
rNeg     . . .     Faith    .   q - +0 chain mail
rPois    .         Spirit   .   (no helmet)
rElec    .         Reflect  .   (no cloak)
rCorr    .         Harm     .   t - +1 pair of gloves
MR       .....                  (no boots)
Stlth    ++........             A - amulet of magic regeneration
HPRegen  0.21/turn              (no ring)
MPRegen  0.39/turn              o - +3 ring of evasion

@: very slow
A: distributed training, fangs 1, strong nose
a: Bend Time, Renounce Religion


You were on level 7 of the Dungeon.
You worshipped Cheibriados.
Cheibriados was pleased with you.
You were not hungry.

You visited 2 branches of the dungeon, and saw 8 of its levels.
You also visited: Ossuary.

You collected 686 gold pieces.

Inventory:

Hand Weapons
 a - a +2 dagger
 l - a +2 whip of electrocution (weapon)
Armour
 e - a +0 robe
 q - a +0 chain mail (worn)
 t - a +1 pair of gloves (worn)
Magical Staves
 C - an uncursed staff of air
Jewellery
 o - a +3 ring of evasion (right hand)
 s - an uncursed ring of protection from cold {unknown}
 y - an uncursed ring of fire {unknown}
 A - an amulet of magic regeneration (around neck)
Wands
 x - a wand of iceblast (15)
Scrolls
 d - 6 scrolls of teleportation
 h - 3 scrolls of enchant weapon
 j - 3 scrolls of identify
 k - a scroll of amnesia
 w - 2 scrolls of noise {unknown}
 D - a scroll of blinking {unknown}
 F - 2 scrolls of remove curse
Potions
 b - 3 potions of haste
 c - 3 potions of lignification
 g - a potion of ambrosia
 i - 4 potions of curing
 m - a potion of resistance {unknown}
 r - 3 potions of magic {unknown}
 u - 2 potions of cancellation {unknown}
 v - 2 potions of heal wounds {unknown}
 z - 3 potions of degeneration {unknown}
 B - a potion of berserk rage {unknown}
Comestibles
 f - 13 rations
 n - 3 chunks of flesh


   Skills:
 + Level 6.1 Fighting
 + Level 4.0 Short Blades
 + Level 4.8 Long Blades
 + Level 4.0 Axes
 + Level 4.0 Maces & Flails
 + Level 4.0 Polearms
 + Level 4.0 Staves
 + Level 4.0 Slings
 + Level 4.0 Bows
 + Level 4.0 Crossbows
 + Level 4.8 Throwing
 + Level 4.0 Armour
 + Level 4.0 Dodging
 + Level 10.3 Stealth
 + Level 4.0 Shields
 + Level 4.8 Unarmed Combat
 + Level 4.0 Spellcasting
 + Level 3.2 Conjurations
 + Level 3.2 Hexes
 + Level 3.2 Charms
 + Level 3.2 Summonings
 + Level 3.2 Necromancy
 + Level 3.2 Translocations
 + Level 3.2 Transmutations
 + Level 3.2 Fire Magic
 + Level 3.2 Ice Magic
 + Level 3.2 Air Magic
 + Level 3.2 Earth Magic
 + Level 3.2 Poison Magic
 + Level 4.4 Invocations
 + Level 4.0 Evocations


You had 16 spell levels left.
You didn't know any spells.
Your spell library was empty.

Dungeon Overview and Level Annotations

Branches:
Dungeon (7/15)             Temple (1/1) D:4         Ossuary (visited)

Altars:
Ashenzari
Cheibriados
Dithmenos
Elyvilon
Gozag
Kikubaaqudgha
Makhleb
Nemelex Xobeh
Okawaru
Qazlal
Ru
Sif Muna
Trog
Uskayaw
Vehumet
Wu Jian
Xom
Yredelemnul
Zin
The Shining One

Annotations:
D:3 3 runed translucent doors, lilly's ghost, amateur MiMo
D:7 Pikel


Innate Abilities, Weirdness & Mutations

Your experience applies equally to all skills.
You have very sharp teeth.
Your uncanny sense of smell can sniff out nearby items.


Message History

The orc priest is moderately wounded.
The orc warrior hits you with a +0 halberd!
The orc misses you.
You closely miss the orc priest.
The orc priest is moderately wounded.
The orc priest closely misses you.
The orc warrior hits you with a +0 halberd!
* * * LOW HITPOINT WARNING * * *
You barely miss the orc priest. You bite the orc priest.
The orc priest is heavily wounded.
The orc barely misses you.
The orc priest hits you but does no damage.
The orc warrior hits you but does no damage.
Your chain mail prevents you from hitting the orc priest.
You bite the orc priest, but do no damage.
The orc priest is heavily wounded.
The orc misses you.
The orc priest mumbles some strange prayers to Beogh against you.
Beogh smites you!
You die...

.. ..........
..###+#.........
................
.........."...#
..............##
...#............
................
.....oo@o.......
......o#.)....##
.......#+######
....... .......
....... .......
..!....


You could see an orc warrior, an orc priest and 2 orcs.

Vanquished Creatures
  The ghost of McKennaii the Thaumaturge, a novice DEIE (D:5)
  Grinder (D:4)
  Sigmund (D:4)
  Eustachio (D:4)
  An ogre (D:5)
  A centaur (D:6)
  A crocodile (D:7)
  Blork the orc (D:4)
  An elf skeleton (D:5)
  A scorpion (D:5)
  A howler monkey (D:6)
  A centaur zombie (D:6)
  A jelly (D:6)
  3 orc wizards
  2 human zombies (D:5)
  2 bullfrog skeletons (D:5)
  Ijyb (D:4)
  3 human skeletons (D:5)
  6 worker ants
  8 mummies (Ossuary)
  Robin (D:4)
  3 gnolls (D:6)
  A howler monkey skeleton (D:4)
  9 adders
  A shadow imp (D:5)
  An ooze (D:1)
  An adder zombie (D:6)
  2 adder skeletons
  4 worms
  A dart slug (D:2)
  A leopard gecko (D:4)
  9 orcs
  2 ball pythons
  10 bats
  3 giant cockroaches
  12 goblins
  17 hobgoblins
  7 jackals (D:1)
  7 kobolds
  2 quokkas
  5 frilled lizards
  A gnoll zombie (Ossuary)
  3 hobgoblin zombies (Ossuary)
  3 kobold zombies (Ossuary)
  A leopard gecko skeleton (D:5)
  An orc zombie (Ossuary)
  7 rats
153 creatures vanquished.

Notes
Turn   | Place    | Note
-------+----------+-------------------------------------------
     0 | D:1      | Reached skill level 9 in Stealth
     0 | D:1      | ReteAZ the Gnoll Wanderer began the quest for the Orb.
     0 | D:1      | ReteAZ set off with the following items: a +2 dagger, a
                  | potion of haste, a potion of lignification, a scroll of
                  | teleportation, a +0 robe, a ration
     0 | D:1      | Reached XP level 1. HP: 20/20 MP: 1/1
    71 | D:1      | Reached XP level 2. HP: 14/26 MP: 2/2
    85 | D:1      | HP: 1/26 [jackal (1)]
   820 | D:1      | Reached XP level 3. HP: 31/31 MP: 3/3
  1476 | D:2      | Reached skill level 1 in Invocations
  1814 | D:2      | Found a shattered altar of Ashenzari.
  1818 | D:2      | Reached skill level 1 in Short Blades
  1818 | D:2      | Reached skill level 1 in Axes
  1818 | D:2      | Reached skill level 1 in Maces & Flails
  1818 | D:2      | Reached skill level 1 in Polearms
  1818 | D:2      | Reached skill level 1 in Staves
  1818 | D:2      | Reached skill level 1 in Slings
  1818 | D:2      | Reached skill level 1 in Bows
  1818 | D:2      | Reached skill level 1 in Crossbows
  1818 | D:2      | Reached skill level 1 in Armour
  1818 | D:2      | Reached skill level 1 in Dodging
  1818 | D:2      | Reached skill level 1 in Shields
  1818 | D:2      | Reached skill level 1 in Spellcasting
  1818 | D:2      | Reached skill level 1 in Evocations
  1826 | D:2      | Reached XP level 4. HP: 32/38 MP: 5/5
  2289 | D:2      | Reached skill level 1 in Conjurations
  2289 | D:2      | Reached skill level 1 in Hexes
  2289 | D:2      | Reached skill level 1 in Charms
  2289 | D:2      | Reached skill level 1 in Summonings
  2289 | D:2      | Reached skill level 1 in Necromancy
  2289 | D:2      | Reached skill level 1 in Translocations
  2289 | D:2      | Reached skill level 1 in Transmutations
  2289 | D:2      | Reached skill level 1 in Fire Magic
  2289 | D:2      | Reached skill level 1 in Ice Magic
  2289 | D:2      | Reached skill level 1 in Air Magic
  2289 | D:2      | Reached skill level 1 in Earth Magic
  2289 | D:2      | Reached skill level 1 in Poison Magic
  2324 | D:2      | Found an ancient bone altar of Kikubaaqudgha.
  2436 | D:2      | Found a bloodstained altar of Trog.
  2864 | D:3      | Found a glowing silver altar of Zin.
  2900 | D:3      | Reached XP level 5. HP: 42/43 MP: 6/6
  2917 | D:3      | Found a runed translucent gate.
  2919 | D:3      | Found a runed translucent gate.
  2919 | D:3      | Found a runed translucent gate.
  2920 | D:3      | Noticed lilly's ghost (amateur MiMo)
  2920 | D:3      | Noticed a big kobold
  2922 | D:3      | Noticed a big kobold
  2924 | D:3      | Identified the +8 short sword of Annoyance {venom, *Contam
                  | rN+ Dex+3 SInv}
  3351 | D:3      | Found a white marble altar of Elyvilon.
  3848 | D:4      | Reached XP level 6. HP: 50/50 MP: 8/8
  3894 | D:4      | Noticed Eustachio
  3898 | D:4      | Killed Eustachio
  3898 | D:4      | Reached skill level 5 in Fighting
  3941 | D:4      | Found a staircase to the Ecumenical Temple.
  3965 | Temple   | Entered the Ecumenical Temple
  4104 | D:4      | Found a shadowy altar of Dithmenos.
  4115 | D:4      | Noticed Grinder
  4117 | D:4      | Paralysed by Grinder for 5 turns
  4128 | D:4      | Paralysed by Grinder for 2 turns
  4130 | D:4      | Killed Grinder
  4130 | D:4      | Reached XP level 7. HP: 40/56 MP: 10/10
  4367 | D:4      | Noticed Sigmund
  4379 | D:4      | Killed Sigmund
  4549 | D:4      | Noticed Ijyb
  4581 | D:4      | Paralysed by Ijyb for 7 turns
  4594 | D:4      | Paralysed by Ijyb for 2 turns
  4599 | D:4      | Killed Ijyb
  4606 | D:4      | Reached XP level 8. HP: 25/63 MP: 12/12
  4607 | D:4      | Reached skill level 10 in Stealth
  4775 | D:4      | Noticed Blork the orc
  4792 | D:4      | Killed Blork the orc
  4927 | D:4      | Found a snail-covered altar of Cheibriados.
  5206 | D:4      | Became a worshipper of Cheibriados the Contemplative
  5253 | D:4      | Noticed Robin
  5266 | D:4      | Killed Robin
  5513 | D:5      | Entered Level 5 of the Dungeon
  5521 | D:5      | Found a runed translucent door.
  5527 | D:5      | Noticed McKennaii's ghost (novice DEIE)
  5546 | D:5      | Killed McKennaii's ghost
  5830 | D:5      | Found a sand-covered staircase.
  5840 | Ossuary  | Entered an ossuary
  5880 | Ossuary  | Reached * piety under Cheibriados
  6467 | D:5      | Found an ornate altar of the Wu Jian Council.
  6582 | D:5      | Found a sacrificial altar of Ru.
  6659 | D:5      | Reached XP level 9. HP: 58/69 MP: 14/14
  6898 | D:6      | Found a shimmering altar of Xom.
  7368 | D:6      | Found a sparkling altar of Nemelex Xobeh.
  7426 | D:6      | You fall into a shaft and drop 1 floor!
  7437 | D:7      | Reached ** piety under Cheibriados
  7544 | D:7      | Noticed a troll
  7546 | D:7      | Noticed Pikel
  7894 | D:7      | Killed from afar by an orc priest

Levels and vault maps discovered:
D:1:      dpeg_arrival_arbitrary_c, layout_loops_ring, minmay_strange_pillars
D:2:      layout_loops_ring, lemuel_coloured_pillars_altar, lemuel_doored_altar,
          evilmike_ruin_ashenzari, first_ration
D:3:      layout_loops_ring, elyvilon_altar_5, gammafunk_ghost_nasty_kobolds,
          lemuel_statue_altar
D:4:      layout_basic, kennysheep_mini, grunt_dithmenos_smoke_and_mirrors,
          minmay_temple_entry_junction_2, serial_forest,
          infiniplex_forest_corner_1, infiniplex_forest_corner_1,
          infiniplex_forest_clump_small, infiniplex_forest_lined_ring,
          infiniplex_forest_clump_C, infiniplex_forest_clump_double,
          infiniplex_forest_zigzag_1, infiniplex_forest_lined_3, uniq_robin,
          uniq_eustachio, uniq_ijyb, uniq_sigmund, uniq_grinder,
          uniq_blork_the_orc
D:5:      layout_rooms, old_standard_altar, nicolae_ru_path_of_blood,
          ebering_ghost_sewer_d, nicolae_ossuary_entry_catacombs,
          serial_bayou_ford_a
D:6:      layout_loops_ring, nemelex_xobeh_ov_fountains_minmay, basic_altar
D:7:      layout_basic, kennysheep_mini_moat, lemuel_crystal_altar, uniq_pikel
Temple:   eino_temple_lava

Skill      XL: |  1  2  3  4  5  6  7  8  9 |
---------------+----------------------------+-----
Stealth        | 10 | 10.3
Invocations    | 1 2 3 4 |  4.4
Short Blades   | 1 2 3 4 |  4.0
Axes           | 1 2 3 4 |  4.0
Maces & Flails | 1 2 3 4 |  4.0
Polearms       | 1 2 3 4 |  4.0
Staves         | 1 2 3 4 |  4.0
Slings         | 1 2 3 4 |  4.0
Bows           | 1 2 3 4 |  4.0
Crossbows      | 1 2 3 4 |  4.0
Armour         | 1 2 3 4 |  4.0
Dodging        | 1 2 3 4 |  4.0
Shields        | 1 2 3 4 |  4.0
Spellcasting   | 1 2 3 4 |  4.0
Evocations     | 1 2 3 4 |  4.0
Conjurations   | 1 2 3 |  3.2
Hexes          | 1 2 3 |  3.2
Charms         | 1 2 3 |  3.2
Summonings     | 1 2 3 |  3.2
Necromancy     | 1 2 3 |  3.2
Translocations | 1 2 3 |  3.2
Transmutations | 1 2 3 |  3.2
Fire Magic     | 1 2 3 |  3.2
Ice Magic      | 1 2 3 |  3.2
Air Magic      | 1 2 3 |  3.2
Earth Magic    | 1 2 3 |  3.2
Poison Magic   | 1 2 3 |  3.2
Long Blades    | 3 4 |  4.8
Throwing       | 3 4 |  4.8
Unarmed Combat | 3 4 |  4.8
Fighting       | 5 6 |  6.1

Action                   |  1- 3 |  4- 6 |  7- 9 || total
-------------------------+-------+-------+-------++-------
Melee: Dagger            |    75 |       |       ||    75
       Bite              |     4 |    12 |    56 ||    72
       Whip              |    23 |   138 |   318 ||   479
       Punch             |       |     1 |     2 ||     3
  Use: Scroll            |       |       |     9 ||     9
       Potion            |       |       |     4 ||     4
 Stab: Sleeping          |    17 |     9 |     5 ||    31
  Eat: Chunk             |     3 |     7 |     6 ||    16
       Ration            |       |       |     1 ||     1
Armor: Robe              |    28 |       |       ||    28
       Chain mail        |       |    83 |   155 ||   238
Dodge: Dodged            |    74 |    59 |   204 ||   337

Table legend:
 A = Non-vault XP
 B = Vault XP
 C = Vault XP percentage of total XP
 D = Non-vault monster count
 E = Vault monster count
 F = Vault count percentage of total count
                 A         B        C        D         E       F
            +---------+---------+-------+---------+---------+-------
      Total |    1318 |    1603 |  54.9 |     116 |      37 |  24.2
            +---------+---------+-------+---------+---------+-------
        D:1 |      49 |       0 |   0.0 |      25 |       0 |   0.0
        D:2 |      91 |       0 |   0.0 |      22 |       0 |   0.0
        D:3 |     158 |       0 |   0.0 |      30 |       0 |   0.0
        D:4 |     195 |     856 |  81.4 |      13 |      13 |  50.0
        D:5 |     286 |     595 |  67.5 |       9 |       8 |  47.1
        D:6 |     394 |       0 |   0.0 |      13 |       0 |   0.0
        D:7 |     145 |       0 |   0.0 |       4 |       0 |   0.0
    Ossuary |       0 |     152 | 100.0 |       0 |      16 | 100.0
            +---------+---------+-------+---------+---------+-------
